 Dungeon Crawl Stone Soup version 0.19.5 (webtiles) character file.

562 tricornhat the Cudgeler (level 7, -2/54 HPs)
             Began as a Demonspawn Berserker on Mar 24, 2017.
             Was a Believer of Trog.
             Slain by a wight
             ... wielding a +0 great sword
              (5 damage)
             ... on level 7 of the Dungeon.
             The game lasted 00:13:46 (3564 turns).

tricornhat the Cudgeler (Demonspawn Berserker)      Turns: 3564, Time: 00:13:47

Health: -2/54      AC: 10    Str: 19 (20) XL:     7   Next: 10%
Magic:  7/7        EV: 10    Int:  7 (8)  God:    Trog [**....]
Gold:   220        SH:  0    Dex:  9 (12) Spells: 0 memorised, 6 levels left

rFire  + . .     SeeInvis +     a - +0 mace
rCold  . . .     Gourm    .     o - +0 scale mail
rNeg   . . .     Faith    .     (no shield)
rPois  .         Spirit   .     (no helmet)
rElec  .         Reflect  .     h - +1 cloak
rCorr  .         Harm     .     g - +1 pair of gloves
MR     +....                    (no boots)
Stlth  ..........               (no amulet)
                                r - ring of protection from magic
                                k - ring of see invisible

@: exhausted, slowed, heavily drained, very slow
A: talons 2, fire resistance 1
a: Berserk, Trog's Hand, Burn Spellbooks, Renounce Religion


You were on level 7 of the Dungeon.
You worshipped Trog.
Trog was pleased with you.
You were near starving.

You visited 1 branch of the dungeon, and saw 5 of its levels.

You collected 220 gold pieces.

Inventory:

Hand Weapons
 a - a +0 mace (weapon)
Armour
 b - a +0 animal skin
 g - a +1 pair of gloves (worn)
 h - a +1 cloak (worn)
 i - a +0 leather armour
 o - a +0 scale mail (worn)
Jewellery
 k - a ring of see invisible (left hand)
 r - a ring of protection from magic (right hand)
 v - an uncursed ring of positive energy {unknown}
Wands
 u - a wand of hasting (3/9)
Scrolls
 n - 2 scrolls of fear
 p - a scroll of enchant armour
 t - 2 scrolls of remove curse
 w - a scroll of identify
Potions
 e - 2 potions of degeneration
 j - a potion of curing
 l - 2 potions of flight {unknown}
 m - 3 potions of berserk rage {unknown}
 s - a potion of magic {unknown}
Comestibles
 c - 3 bread rations
 d - a meat ration
 f - 2 royal jellies


   Skills:
 + Level 4.1(2.7) Fighting
 * Level 6.1(4.7) Maces & Flails
 + Level 2.6(1.4) Armour
 + Level 2.8(1.5) Dodging
 + Level 0.6(0.0) Stealth


You had 6 spell levels left.
You didn't know any spells.

Dungeon Overview and Level Annotations

Branches:
Dungeon (4/15)
 Temple: D:4-7

Altars:
Elyvilon
Gozag
Uskayaw
Xom

Shops:
D:4 }


Innate Abilities, Weirdness & Mutations

You have razor-sharp toenails.
Your flesh is heat resistant. (rF+)


Message History

The wight barely misses you. The wight hits you with a trident!
* * * LOW HITPOINT WARNING * * *
The wight closely misses you. x2; The wight hits you with a trident.
* * * LOW HITPOINT WARNING * * *
You feel drained.
It was a potion of degeneration.
There was something very wrong with that liquid.
You feel weakened.
You feel dopey.
You feel clumsy. The wight closely misses you. x6
It was a potion of curing.
You feel better. The wight closely misses you. The wight barely misses you.
The wight hits you but does no damage.
The wight hits you with an enchanted battleaxe.
* * * LOW HITPOINT WARNING * * *
As you read the scroll labeled WIENNE TEDOCI, it crumbles to dust.
You hear the distant roaring of an enraged slug.
It was a scroll of random uselessness.
The wight closely misses you. The wight hits you but does no damage.
The wight hits you with a great sword!
* * * LOW HITPOINT WARNING * * *
You feel drained.
You die...

##.........####..z..
#...........#....#
#.###...........# ##
#...........##
#.............##
................##
#.........####z#..###
#.........#.###zz...#
........##_.⌠#@###..#
.......#8...z.# #...#
.....###_.⌠### ##..
#.## . #


You could see 4 wights.

Vanquished Creatures
  Sigmund (D:2)
  A wight (D:7)
  A hound (D:4)
  Crazy Yiuf (D:2)
  An iguana (D:4)
  Ijyb (D:4)
  4 worker ants (D:4)
  8 adders
  2 oozes
  A worm (D:3)
  2 dart slugs
  3 leopard geckos
  5 orcs
  10 bats
  2 giant cockroaches
  2 goblins
  9 hobgoblins
  11 jackals
  3 quokkas
  2 frilled lizards
  5 kobolds
  6 rats
81 creatures vanquished.

Notes
Turn   | Place    | Note
-------+----------+-------------------------------------------
     0 | D:1      | tricornhat the Demonspawn Berserker began the quest for the Orb.
     0 | D:1      | Reached XP level 1. HP: 18/18 MP: 1/1
   219 | D:1      | Reached skill level 3 in Maces & Flails
   242 | D:1      | Gained mutation: You have sharp toenails. [demonic ancestry]
   242 | D:1      | Reached XP level 2. HP: 21/24 MP: 2/2
   560 | D:1      | You fall through a shaft!
   601 | D:2      | Reached XP level 3. HP: 14/29 MP: 3/3
  1167 | D:2      | Noticed Sigmund
  1176 | D:2      | Killed Sigmund
  1176 | D:2      | Reached skill level 4 in Maces & Flails
  1176 | D:2      | Gained mutation: You have razor-sharp toenails. [demonic ancestry]
  1176 | D:2      | Reached XP level 4. HP: 37/37 MP: 4/4
  1176 | D:2      | Gained mutation: Your flesh is heat resistant. (rF+) [demonic ancestry]
  1176 | D:2      | Reached XP level 5. HP: 42/42 MP: 5/5
  1313 | D:2      | Found a runed door.
  1317 | D:2      | Noticed Crazy Yiuf
  1322 | D:2      | Paralysed by Crazy Yiuf for 4 turns
  1328 | D:2      | Killed Crazy Yiuf
  1328 | D:2      | Reached skill level 5 in Maces & Flails
  1490 | D:2      | Reached ** piety under Trog
  1882 | D:3      | Reached XP level 6. HP: 34/48 MP: 6/6
  2165 | D:3      | Found an opulent altar of Gozag.
  2590 | D:4      | Noticed Ijyb
  2836 | D:4      | Killed Ijyb
  3159 | D:4      | Found Takiatso's Gadget Emporium.
  3182 | D:4      | Reached skill level 6 in Maces & Flails
  3182 | D:4      | Reached XP level 7. HP: 14/54 MP: 7/7
  3480 | D:4      | Found a white marble altar of Elyvilon.
  3534 | D:4      | You fall through a shaft for 3 floors!
  3551 | D:7      | Found a hide-covered altar of Uskayaw.
  3551 | D:7      | Found a shimmering altar of Xom.
  3564 | D:7      | Slain by a wight

Skill      XL: |  1  2  3  4  5  6 |
---------------+-------------------+-----
Maces & Flails | 3 4 5 6 |  6.1
Dodging        | 2 |  2.8
Armour         | 2 |  2.6
Fighting       | 4 |  4.1
Stealth        | |  0.6

Action                   |  1- 3 |  4- 6 |  7- 9 || total
-------------------------+-------+-------+-------++-------
Melee: Mace              |    95 |   204 |     5 ||   304
       Kick              |    14 |    57 |     2 ||    73
Invok: Berserk           |     1 |     2 |     1 ||     4
       Burn Spellbooks   |       |     1 |       ||     1
  Use: Scroll            |     4 |     2 |     1 ||     7
       Potion            |       |       |     2 ||     2
  Eat: Chunk             |     1 |     9 |     1 ||    11
Armor: Animal skin       |    20 |       |       ||    20
       Leather armour    |       |    21 |       ||    21
       Scale mail        |       |    56 |     5 ||    61
Dodge: Dodged            |    92 |   137 |    16 ||   245
